cohdb
Replays
Latest Replays
All Replays
Popular Replays
Top Player Replays
Match Explorer
How It Works
Community
CoH3 Stats
Reddit
Sign in to upload your games and track your stats! →
Sign in with Steam
Match 40469262
Unlisted
Match 40469262
Overview
Messages
Build Orders
End
Kradschützen Motorcycle Team
Panzergrenadier Squad
Panzergrenadier Squad
Panzergrenadier Squad
Construct Light Support Kompanie
Selects Battlefield Espionage Battlegroup
Selects Intel Disruption Beacon
2.5-tonne Medical Truck
Fire Support Elements
Panzerjäger Mechanized Group
Selects 250/3 Funkpanzerwagen
Pak 38 Anti-tank Gun Team
2.5-tonne Medical Truck
Assault Mechanized Group
Construct Panzerarmee Kommand
Selects Anti-Tank Incendiary Munitions
Selects Plunder
Armored Reserves
Panzer IV Assault Group
Emergency Repair Kits
Rapid Advance
Selects Firestorm
Selects Operation Skorpion
Tiger Heavy Tank
Tiger Heavy Tank
Tungsten Core Ammunition
Vehicle Survival Package
Advanced Field Repairs
Operation Skorpion
ashilrye
sharpshooter
AshCo Dismas
Raiden
【POW】游骑
Ashirvad Patel
0
0
Comments
sign in to comment!
No comments posted yet!